 Dungeon Crawl Stone Soup version 0.28.0-1-gb440e238dd (webtiles) character file.

Game seed: 4043964588548488244

16 cbfl8 the Sneak (level 2, -1/27 HPs)
             Began as a Minotaur Delver on Feb 27, 2022.
             Slain by an iguana (13 damage)
             ... on level 5 of the Dungeon.
             The game lasted 00:00:15 (146 turns).

cbfl8 the Sneak (Minotaur Delver)                    Turns: 146, Time: 00:00:16

Health: -1/27      AC:  3    Str: 16    XL:     2   Next: 41%
Magic:  1/1        EV: 12    Int:  7    God:
Gold:   0          SH:  0    Dex: 11    Spells: 1/1 levels left

rFire   . . .      SeeInvis .   a - +0 hand axe
rCold   . . .      Faith    .   (no shield)
rNeg    . . .      Spirit   .   b - +0 leather armour
rPois   .          Reflect  .   (helmet restricted)
rElec   .          Harm     .   (no cloak)
rCorr   .          Rampage  .   (no gloves)
Will    .....                   (no boots)
Stlth   ++........              (no amulet)
HPRegen 0.09/turn               (no ring)
MPRegen 0.07/turn               (no ring)

@: no status effects
A: horns 2, retaliatory headbutt
a: no special abilities


You were on level 5 of the Dungeon.
You visited 1 branch of the dungeon, and saw 1 of its levels.

Inventory:

Hand Weapons
 a - a +0 hand axe (weapon)
Armour
 b - a +0 leather armour (worn)
Wands
 g - a wand of digging (3)
Scrolls
 c - a scroll of fog
 d - a scroll of magic mapping
 e - a scroll of fear
 h - a scroll of identify {unknown}
Potions
 f - a potion of haste


   Skills:
 + Level 3.7 Fighting
 + Level 2.6 Axes
 + Level 2.6 Dodging
 + Level 4.3 Stealth


You had one spell level left.
You didn't know any spells.
Your spell library was empty.

Dungeon Overview and Level Annotations

Branches:
Dungeon (5/15)
 Temple: D:4-7

Altars:


Innate Abilities, Weirdness & Mutations

You have a pair of horns on your head.
You reflexively headbutt those who attack you in melee.


Message History

You start resting.
HP restored.
h - a scroll labelled OLIEFOUSIT A hound skeleton comes into view.
The hound skeleton bites you but does no damage.
You hit the hound skeleton. You headbutt the hound skeleton.
The hound skeleton is heavily damaged.
The hound skeleton bites you but does no damage. x2
You hit the hound skeleton.
Your headbutt misses the hound skeleton.
The hound skeleton is severely damaged.
The hound skeleton bites you but does no damage.
You hit the hound skeleton.
The hound skeleton is severely damaged.
The hound skeleton closely misses you. You furiously retaliate!
You headbutt the hound skeleton. You barely miss the hound skeleton.
The hound skeleton is severely damaged.
The hound skeleton closely misses you. The hound skeleton bites you.
You hit the hound skeleton.
The hound skeleton is almost destroyed.
The hound skeleton bites you. The hound skeleton closely misses you.
You barely miss the hound skeleton. You headbutt the hound skeleton.
You destroy the hound skeleton!
You have reached level 2!
You start resting.
An iguana comes into view.
The iguana hisses angrily.
The iguana bites you.
You closely miss the iguana. The iguana misses you.
You hit the iguana. Your headbutt misses the iguana.
The iguana is moderately wounded.
The iguana bites you.
You hit the iguana but do no damage.
The iguana is moderately wounded.
The iguana bites you!
You hit the iguana. You punch the iguana, but do no damage.
The iguana is moderately wounded.
The iguana bites you!
You die...

.. #...######## #.#
#.......# #
#.####.......####
#................
#................ .
#................ ...
#...........†....
.....###...........[(...
......l@................
.............#######....
##......###### #####
........# ###.....#
#.....# ##+####


You could see an iguana.

Vanquished Creatures
  A hound skeleton (D:5)
  A worm (D:5)
2 creatures vanquished.

Notes
Turn   | Place    | Note
-------+----------+-------------------------------------------
     0 | D:5      | cbfl8 the Minotaur Delver began the quest for the Orb.
     0 | D:5      | Reached XP level 1. HP: 19/19 MP: 0/0
   131 | D:5      | Reached XP level 2. HP: 25/27 MP: 1/1
   146 | D:5      | Slain by an iguana

Illustrated notes

Levels and vault maps discovered:
D:5:      layout_basic, nemelex_diamond_rough_becter,
          lemuel_coloured_pillars_altar, ashenzari_conservatory_becter,
          gammafunk_temple_overflow_statue, minmay_misc_feat_doors,
          uniq_blork_the_orc, uniq_grinder

Action                   || total
-------------------------++-------
Melee: Hand axe          ||    19
       Headbutt          ||     2
       Punch             ||     1
Armor: Leather armour    ||     4
Dodge: Dodged            ||     8
